 Dungeon Crawl Stone Soup version 0.31-a0-202-g547052bce9 (webtiles) character file.

Game seed: 547698564898783479

30 qw the Shooter (level 3, 0/20 HPs)
             Began as a Deep Elf Hunter on June 26, 2023.
             Succumbed to their own poison gas
             ... on level 1 of the Dungeon.
             The game lasted 00:00:21 (976 turns).

qw the Shooter (Deep Elf Hunter)                     Turns: 976, Time: 00:00:22

Health: 0/20       AC:  3    Str: 10    XL:     3   Next: 3%
Magic:  5/5        EV: 12    Int: 13    God:
Gold:   120        SH:  0    Dex: 18    Spells: 2/2 levels left

rFire   . . .        Y - +1 shortbow (freeze)
rCold   . . .        (shield currently unavailable)
rNeg    . . .        c - +0 leather armour
rPois   .            (no helmet)
rElec   .            (no cloak)
rCorr   .            (no gloves)
SInv    .            (no boots)
Will    +....        (no amulet)
Stlth   ++           h - ring of willpower
HPRegen 0.23/turn    (no ring)
MPRegen 0.09/turn

%: no passive effects
@: lethally poisoned (0 -> -3)
A: no striking features
a: no special abilities


You were on level 1 of the Dungeon.
You visited 1 branch of the dungeon, and saw 1 of its levels.

You collected 120 gold pieces.


   Skills:
 - Level 1.5 Fighting
 + Level 6.6 Ranged Weapons
 - Level 2.4 Dodging
 - Level 1.2 Stealth


You had 2 spell levels left.
You didn't know any spells.
Your spell library was empty.

Inventory:

Hand Weapons
 Y - a +1 shortbow of freezing (weapon)
Armour
 c - a +0 leather armour (worn)
Jewellery
 h - a ring of willpower (left hand)
Scrolls
 f - a scroll of identify
Potions
 d - a potion of curing {unknown}
 g - a potion of cancellation {unknown}

Dungeon Overview and Level Annotations

Branches:
Dungeon (1/15)

Altars:


Message History

Enter note:
Enter note: Really walk into that cloud of poison gas?
You are engulfed in poison gas.
You are poisoned.
You feel very sick.
Enter note:
Enter note:
Enter note:
Enter note:
Enter note:
Enter note:
Enter note:
Enter note:
Enter note:
Enter note:
Enter note:
Enter note:
Enter note:
Enter note:
Enter note:
Enter note:
Enter note:
Enter note:
Enter note:
Enter note:
970 ||| Stepping ~*~*~tactically~*~*~ (cloud).
You feel very sick.
You see here a scroll of butterflies.
There is a lethal amount of poison in your body!
You feel very sick.
There is a lethal amount of poison in your body!
You feel sick.
There is a lethal amount of poison in your body!
You feel sick.
There is a lethal amount of poison in your body!
You feel sick.
There is a lethal amount of poison in your body!
You feel sick.
There is a lethal amount of poison in your body!
You die...

#.##########.# #.#
#.# #.# #.####### #.#
#........ #.#
#..######
#.##########..#.....
##¤#0¤00¤¤.¤...#.####
#0¤¤¤¤0¤.#####.>....+
#0¤¤@¤¤¤¤### #.....##
#.¤0¤0.0000# #...#.##
##0#0¤¤¤¤0¤# #...#..#
#.#¤0.¤0¤¤###...##.#
#.#0¤00¤0¤¤.........
#.#¤¤000¤0¤....####.
#%#######¤0..#.# #.
#..............# ##
#########......#


There were no monsters in sight!

Vanquished Creatures
  2 endoplasms (D:1)
  3 giant cockroaches (D:1)
  2 goblins (D:1)
  A hobgoblin (D:1)
  2 quokkas (D:1)
  4 ball pythons (D:1)
  6 bats (D:1)
  A frilled lizard (D:1)
  2 kobolds (D:1)
  6 rats (D:1)
29 creatures vanquished.

Notes
Turn   | Place    | Note
-------+----------+-------------------------------------------
     0 | D:1      | qw the Deep Elf Hunter began the quest for the Orb.
     0 | D:1      | Reached XP level 1. HP: 12/12 MP: 3/3
     0 | D:1      | 0 ||| qw: Version: 0.3-a-22-g0ed2b0b
     0 | D:1      | 0 ||| qw: Game counter: 6311
     0 | D:1      | 0 ||| qw: Melee chars always use a shield: true
     0 | D:1      | 0 ||| qw: God list: Okawaru
     0 | D:1      | 0 ||| qw: Allow faded altars: false
     0 | D:1      | 0 ||| qw: Do Orc after clearing Dungeon:15 true
     0 | D:1      | 0 ||| qw: Do second Lair branch before Depths: true
     0 | D:1      | 0 ||| qw: Lair rune preference: random
     0 | D:1      | 0 ||| qw: Goals: Normal
     0 | D:1      | 0 ||| PLANNING D:1-11
     3 | D:1      | 3 ||| Stepping ~*~*~tactically~*~*~ (water).
     5 | D:1      | 5 ||| Stepping ~*~*~tactically~*~*~ (water).
    93 | D:1      | Reached skill level 6 in Ranged Weapons
    93 | D:1      | Reached XP level 2. HP: 16/16 MP: 4/4
   816 | D:1      | Reached XP level 3. HP: 20/20 MP: 5/5
   959 | D:1      | 959 ||| UPGRADING to ring of willpower.
   960 | D:1      | 960 ||| READING scroll labelled OMORIRCH OCSOV.
   961 | D:1      | 961 ||| READING 2 scrolls labelled RUYHAUZX HIZAE.
   962 | D:1      | 962 ||| READING scroll labelled DOIJ NEUVUXE.
   965 | D:1      | 965 ||| READING scroll labelled RUEJYE BISU.
   966 | D:1      | 966 ||| READING scroll labelled GOMUTW UTETT.
   967 | D:1      | 967 ||| READING scroll labelled ODITUG VAWUM.
   968 | D:1      | 968 ||| DROPPING scroll of butterflies.
   970 | D:1      | 970 ||| Stepping ~*~*~tactically~*~*~ (cloud).
   972 | D:1      | HP: 5/20 [poisoned by you (poison gas)]
   974 | D:1      | HP: 1/20 [poisoned by you (poison gas)]
   976 | D:1      | Succumbed to their own poison gas

Levels and vault maps discovered:
D:1:      dpeg_arrival_subterranean_lakeside_camping, layout_basic

Skill      XL: |  1 |
---------------+----+-----
Ranged Weapons | 6 |  6.6
Fighting       | |  1.5
Dodging        | |  2.4
Stealth        | |  1.2

Action                     || total
---------------------------++-------
   Fire: Shortbow          ||    69
    Use: Scroll            ||     6
 Armour: Leather armour    ||     6
  Dodge: Dodged            ||    15

Table legend:
 A = Non-vault XP
 B = Vault XP
 C = Vault XP percentage of total XP
 D = Non-vault monster count
 E = Vault monster count
 F = Vault count percentage of total count
                 A         B        C        D         E       F
            +---------+---------+-------+---------+---------+-------
      Total |      35 |       8 |  18.6 |      23 |       6 |  20.7
            +---------+---------+-------+---------+---------+-------
        D:1 |      35 |       8 |  18.6 |      23 |       6 |  20.7
            +---------+---------+-------+---------+---------+-------
